Unix NetHack Version 5.0.0-0 post-release - last build May 31 2026 23:59:36 (970b52f25bf058293b47ddfd14a1e40e571c508c,branch:main).

Game began 2026-06-01 00:18:16, ended 2026-06-01 00:35:42.

DaveT, lawful male human Priest

                         ----------------
                        #....%..>.......+
                        #|..............|
       ------------     #|.........`....|
       |`.........|     #-------------|--
       |..........|     ##            #
       |.........(|      #            #
       ------.-----      ###          #
          #######          #          ###
           # #########     #        ####
           #         ##    #        )@##
         --.----      #    #        @
         |.....|      ##   #       |.
         |.....-#     -|---#       |\.
         |.....|####  |...|#       |..
         -------   #  |(...#       |.(.
                   ###|..<|        -----
                     #....|
                      -----

DaveT the Acolyte            St:14 Dx:7 Co:13 In:16 Wi:16 Ch:10  Lawful
Dlvl:6  $:65 HP:0(35) Pw:53(55) AC:-1 Xp:4 T:3139 

Latest messages:
 The monkey tries to steal your helm but gives up.
 The monkey bites!
 You miss the monkey.
 The monkey misses!
 The monkey bites!
 You hit the monkey!
 Your hands no longer glow so brightly red.
 The monkey appears confused.
 You hit the monkey!
 You kill the monkey!
 You see here a monkey corpse.
 You climb up the stairs.
 Something is written here in the dust.
 You read: "/|a| was  c?".
 This door is locked.
 Unlock it with your skeleton key? [ynq] (q) y
 You succeed in unlocking the door.
 In what direction? j
 The door resists!
 The door resists!
 The door opens.
 The iguana misses!
 You miss the iguana.
 The iguana just misses!
 You miss the iguana.
 You hit the iguana!
 Your hands no longer glow so brightly red.
 The iguana appears confused.
 You kill the iguana!
 The Elvenqueen wakes up!
 The Elvenqueen wields a runed bow!
 The Elvenqueen shoots 4 runed arrows!
 The 1st runed arrow misses you.
 You are almost hit by the 2nd runed arrow.
 You are hit by the 3rd runed arrow.
 You are hit by the 4th runed arrow.
 The Elvenqueen wields a runed short sword!
 You miss the Elvenqueen.
 The Elvenqueen thrusts her runed short sword.
 The Elvenqueen misses!
 The Elvenqueen thrusts her runed short sword.
 The Elvenqueen hits!
 You fail to cast the spell correctly.
 The Elvenqueen thrusts her runed short sword.
 The Elvenqueen hits!
 The Elvenqueen thrusts her runed short sword.
 The Elvenqueen hits again!
 You die...
 Do you want your possessions identified? [ynq] (y) y
 Do you want to see your attributes? [ynq] (y) q

Inventory:
 Coins    ('$')
  $ - 65 gold pieces
 Weapons  (')')
  K - 6 +0 arrows
  w - 8 +0 shuriken
  o - a blessed +1 orcish dagger
  a - a blessed +1 mace (weapon in right hand)
 Armor    ('[')
  p - a +0 orcish helm (being worn)
  v - a +0 pair of leather gloves (being worn)
  c - a +0 small shield (being worn)
  b - a +0 robe (being worn)
  x - a +0 banded mail (being worn)
 Comestibles  ('%')
  e - a clove of garlic
  h - a pancake
  f - a sprig of wolfsbane
 Scrolls  ('?')
  J - a cursed scroll of amnesia
  n - a cursed scroll of enchant weapon
  Y - a scroll of identify
  j - a cursed scroll of light
  F - 2 scrolls of teleportation
 Spellbooks  ('+')
  s - a spellbook of detect food
 Potions  ('!')
  G - 3 potions of healing
  Z - a potion of speed
  d - a potion of holy water
 Rings    ('=')
  l - a +1 ring of adornment
 Wands    ('/')
  t - a wand of digging (0:5)
  i - a wand of secret door detection (0:10)
  m - a wand of undead turning (0:4)
 Tools    ('(')
  O - a skeleton key
 Gems/Stones  ('*')
  u - an amber stone
  q - a worthless piece of violet glass

DaveT the Priest's attributes:

Background:
 You were an Acolyte, a level 4 human Priest.
 You were lawful, nominally on a mission for Quetzalcoatl
 who was opposed by Camaxtli (neutral) and Huhetotl (chaotic).
 You were right-handed.
 You were in the Dungeons of Doom, on level 6.
 You entered the dungeon 3139 turns ago.
 It was the midnight hour.
 There was a full moon in effect when your adventure ended.
 You had 140 experience points, 20 more were needed to attain level 5.

Basics:
 You had 0 out of 35 hit points.
 You had 53 out of 55 energy points (spell power).
 Your armor class was -1.
 Your wallet contained 65 zorkmids.
 Autopickup was off.

Final Characteristics:
 Your strength was 14 (limit:18/100).
 Your dexterity was 7 (limit:18).
 Your constitution was 13 (limit:18).
 Your intelligence was 16 (limit:18).
 Your wisdom was 16 (peak:17, limit:18).
 Your charisma was 10 (limit:18).

Final Status:
 You weren't hungry.
 You were unencumbered.
 You were wielding a mace.
 You had basic skill with mace.

Final Attributes:
 You were piously aligned.
 You would have confused monsters when hitting them.
 You were guarded.
 Your spell casting was impaired by metallic armor, mitigated by your robe.
 You were lucky.
 You are dead.

Miscellaneous:
 You didn't encounter any bones levels.
 Total elapsed playing time was 17 minutes and 25 seconds.

Major events:
 Turn
    1: DaveT the lawful human Priest entered the dungeon
  703: entered the Gnomish Mines
 1462: attained the rank of Acolyte (level 3)
 3139: killed by an Elvenqueen

Spells:
 Name                 Level Category     Fail Retention
 healing                1   healing       55%  76%-100%
 remove curse           3   clerical      38%   81%-90%

Skills:
 Fighting Skills
   bare handed combat [Unskilled]
 Weapon Skills
   club               [Unskilled]
   mace               [Basic]
   morning star       [Unskilled]
   flail              [Unskilled]
   hammer             [Unskilled]
   quarterstaff       [Unskilled]
   polearms           [Unskilled]
   spear              [Unskilled]
   trident            [Unskilled]
   lance              [Unskilled]
   bow                [Unskilled]
   sling              [Unskilled]
   crossbow           [Unskilled]
   dart               [Unskilled]
   shuriken           [Unskilled]
   boomerang          [Unskilled]
   unicorn horn       [Unskilled]
 Spellcasting Skills
   healing spells     [Unskilled]
   divination spells  [Unskilled]
   clerical spells    [Basic]

Voluntary challenges:
 Character rerolling was not enabled.
 You were an atheist.
 You never genocided any monsters.
 You never polymorphed an object.
 You never changed form.
 You used no wishes.
Achievements:
 You entered the Gnomish Mines.
 You entered a shop.
 You attained the rank of Acolyte.

 The Dungeons of Doom: levels 1 to 7
    Level 1:
    Level 2:
       A wand shop.
       Stairs down to The Gnomish Mines.
    Level 3:
       A general store.
    Level 4:
       A general store.
    Level 5: "vault, door in up stairs"
    Level 6: <- You were here.
       A throne.
       Final resting place for
          you, killed by an Elvenqueen.
    Level 7:
 The Gnomish Mines:
    Level 3:


Vanquished creatures:
  a small mimic
  a gnome leader
  a kitten
  a rabid rat
  a giant bat
  a monkey
  2 iguanas
  a coyote
  2 giant rats
  a brown mold
  3 yellow molds
  a gecko
  3 jackals
  a fox
  a kobold
  a goblin
  6 grid bugs
  4 lichens
  5 kobold zombies
  4 newts
41 creatures vanquished.

No species were genocided or became extinct.

Game over:
                       ----------
                      /          \
                     /    REST    \
                    /      IN      \
                   /     PEACE      \
                  /                  \
                  |      DaveT       |
                  |      65 Au       |
                  |   killed by an   |
                  |    Elvenqueen    |
                  |                  |
                  |                  |
                  |       2026       |
                 *|     *  *  *      | *
        _________)/\\_//(\/(/\)/\//\/|_)_______

Goodbye DaveT the Priest...

You died in The Dungeons of Doom on dungeon level 6 with 959 points,
and 65 pieces of gold, after 3139 moves.
You were level 4 with a maximum of 35 hit points when you died.

